[Event "*** SCC Grand Prix: Titled Tuesday Blitz"]
[Site "Chess.com"]
[Date "2020.08.04"]
[Round "2"]
[White "GigaQuparadze"]
[Black "GoltsevDmitry2000"]
[Result "0-1"]
[WhiteElo "2930"]
[BlackElo "2632"]
[TimeControl "180+1"]
[EndTime "14:02:26 PDT"]
[Termination "GoltsevDmitry2000 won by resignation"]

1. e4 c5 2. Nf3 e6 3. d4 cxd4 4. Nxd4 Nc6 5. Nc3 a6 6. Nxc6 bxc6 7. e5 Ne7 8. g3 Nd5 9. Bg2 Nxc3 10. bxc3 Qa5 11. Qd4 Bc5 12. Qd3 Bb4 13. O-O Bxc3 14. Rb1 Bxe5 15. Ba3 Qc3 16. Qe2 Qxa3 17. Qxe5 O-O 18. c4 d5 19. Qc7 Qxa2 20. Qxc6 Ra7 21.
cxd5 exd5 22. Bxd5 Qa3 23. Rb8 Bf5 24. Rxf8+ Qxf8 25. Re1 Re7 26. Ra1 Bd3 27. Bb3 Qe8 28.
Qc3 Bb5 29. Bd5 Qd7 30. Rd1 Qc7 31. Qb3 g6 32. h4 Qe5 33. Qf3 Be2 34. Bxf7+ Kg7 35.
Qa8 Rxf7 36. Rd8 Qa1+ 37. Kh2 Rxf2+ 38. Kh3 Qf1+ 0-1

[Event "*** SCC Grand Prix: Titled Tuesday Blitz"]
[Site "Chess.com"]
[Date "2020.08.04"]
[Round "2"]
[White "Roza_Idrisova"]
[Black "mortngabriel"]
[Result "1-0"]
[WhiteElo "2250"]
[BlackElo "2427"]
[TimeControl "180+1"]
[EndTime "14:02:29 PDT"]
[Termination "Roza_Idrisova won by checkmate"]

1. d4 Nf6 2. Nf3 c5 3. d5 b5 4. e3 a6 5. c4 b4 6. b3 d6 7. Bb2 g6 8. Nbd2 Bg7 9. e4 O-O 10.
Bd3 Bg4 11. h3 Bxf3 12. Nxf3 a5 13. a4 bxa3 14. Rxa3 Na6 15. O-O Nb4 16. Bb1 Qb6 17. e5 Nd7 18. Re1 Rfb8 19. Qd2 Nxe5 20. Nxe5 dxe5 21.
Bxe5 Bxe5 22. Rxe5 Qd6 23. Qe3 Rb7 24. f4 Rba7 25.
f5 Qf6 26. fxg6 hxg6 27. Kh2 Kg7 28.
Re4 Rc7 29. Rf4 Qd6 30. Qg3 Rca7 31. Be4 a4 32. Rxa4 Rxa4 33. bxa4 Rxa4 34. h4 Ra8 35. Kh3 Rh8 36. Qc3+ f6 37. g3 Qe5 38. Qf3 f5 39.
Bxf5 gxf5 40. Rxf5 Qa1 41. Qg4+ Kh7 42. Rh5# 1-0

[Event "*** SCC Grand Prix: Titled Tuesday Blitz"]
[Site "Chess.com"]
[Date "2020.08.04"]
[Round "2"]
[White "VerdeNotte"]
[Black "volcanoexplorer"]
[Result "1-0"]
[WhiteElo "2864"]
[BlackElo "2554"]
[TimeControl "180+1"]
[EndTime "14:02:31 PDT"]
[Termination "VerdeNotte won by resignation"]

1. a3 a5 2. e4 e5 3. Nf3 Nc6 4. Bb5 Nd4 5. Nxd4 exd4 6. O-O c6 7. Bc4 Bc5 8. Bxf7+ Kf8 9. Ba2 d6 10. d3 Nf6 11. Nd2 Qe7 12. h3 Be6 13. Bxe6 Qxe6 14. f4 Ke7 15. Nf3 Rae8 16. f5 Qc8 17. Bg5 Kd7 18.
Qd2 Bb6 19. Bxf6 gxf6 20. Qh6 Qd8 21. b4 a4 22. Rae1 Qe7 23. Nd2 Ba7 24. Kh1 Reg8 25. b5 Bc5 26. bxc6+ bxc6 27. Nc4 Kc7 28. Qd2 Ra8 29. Rb1 d5 30. Qf4+ Kc8 31. Nb6+ Bxb6 32. Rxb6 Qc7 33. Qxc7+ Kxc7 34. Rfb1 dxe4 35. dxe4 Rab8 36.
Rxb8 Rxb8 37. Rxb8 Kxb8 38. e5 Kc7 39. exf6 Kd7 40. g4 Ke8 41. Kg2 Kf7 42. g5 h5 43.
gxh6 Kxf6 44. Kf3 c5 45. Ke4 Kf7 46. Kd5 1-0

[Event "*** SCC Grand Prix: Titled Tuesday Blitz"]
[Site "Chess.com"]
[Date "2020.08.04"]
[Round "2"]
[White "GianmarcoVaR"]
[Black "KyrgyzFighter"]
[Result "0-1"]
[WhiteElo "2459"]
[BlackElo "2306"]
[TimeControl "180+1"]
[EndTime "14:02:31 PDT"]
[Termination "KyrgyzFighter won by checkmate"]

1. d4 Nf6 2. Nf3 d5 3. c4 c6 4. e3 a6 5. Bd3 Bg4 6. Nbd2 e6 7. O-O Bd6 8. b3 Nbd7 9. Bb2 O-O 10. Qc2 Re8 11. h3 Bh5 12. Ng5 Bg6 13. Bxg6 hxg6 14.
e4 e5 15. Rad1 Rc8 16. c5 Bb8 17. Rfe1 exd4 18. Bxd4 Nh5 19. Ngf3 Nf4 20. b4 Ne6 21.
exd5 cxd5 22. Qb2 a5 23. a3 axb4 24. axb4 b6 25. cxb6 Nxb6 26. Nb3 Nc4 27. Qa1 Qd6 28. Nc5 Nxd4 29. Qxd4 Qb6 30. Qxd5 Qxb4 31. Ng5 Rxe1+ 32. Rxe1 Qxe1# 0-1

[Event "*** SCC Grand Prix: Titled Tuesday Blitz"]
[Site "Chess.com"]
[Date "2020.08.04"]
[Round "2"]
[White "Fischerev7"]
[Black "BeanScreen"]
[Result "0-1"]
[WhiteElo "2357"]
[BlackElo "2709"]
[TimeControl "180+1"]
[EndTime "14:02:32 PDT"]
[Termination "BeanScreen won by resignation"]

1. e4 e5 2. Bc4 Nc6 3. Nc3 Nf6 4. d3 Na5 5. Qf3 Bc5 6. Nge2 d6 7. h3 O-O 8. O-O Nxc4 9. dxc4 Be6 10. b3 h6 11.
Ng3 Nh7 12. Be3 Ng5 13. Bxg5 Qxg5 14. Rad1 f5 15. exf5 Bxf5 16. Nxf5 Rxf5 17. Qxb7 Raf8 18. Ne4 Qh4 19. Nxc5 dxc5 20. Qd5+ Kh7 21. Qxc5 e4 22. Qe3 Rf3 23. Qd4 R8f6 24. Rde1 R3f4 25. Qe3 Rg6 26. Kh2 Rfg4 27. g3 Qh5 28. Kg2 Rh4 29. Rh1 Qf5 30. Rd1 Rf4 31. Rd5 Qf6 32. Re1 Rf3 33. Re2 Rxe3 34.
Rxe3 Qe6 35. Rd4 Qf5 36. Rdxe4 Rf6 37. Re2 Qf3+ 38. Kh2 Qc3 39. R4e3 Qa1 40. a4 Qf1 0-1

[Event "*** SCC Grand Prix: Titled Tuesday Blitz"]
[Site "Chess.com"]
[Date "2020.08.04"]
[Round "2"]
[White "Zurability"]
[Black "AbigailCabezas"]
[Result "1-0"]
[WhiteElo "2687"]
[BlackElo "1346"]
[TimeControl "180+1"]
[EndTime "14:02:33 PDT"]
[Termination "Zurability won by checkmate"]

1. c4 e6 2. Nc3 d6 3. d4 Ne7 4. Nf3 Nd7 5. e4 b6 6. Be2 Bb7 7. O-O Ng6 8. Be3 Be7 9. Qd2 O-O 10. Bd3 c5 11. dxc5 bxc5 12. Bc2 e5 13. Nd5 Bxd5 14. Qxd5 Nb6 15. Qd3 Nh4 16. Nxh4 Bxh4 17. Rad1 Be7 18. f4 f6 19. b4 Qc7 20. bxc5 dxc5 21.
Qc3 Bd6 22. g3 Rad8 23. Rd3 exf4 24. gxf4 Qf7 25. Rfd1 Qg6+ 26. Kf2 Bc7 27. Rxd8 Rxd8 28. Rxd8+ Bxd8 29. Bxc5 Qh6 30. Qg3 Nxc4 31. Bb3 Kh8 32. Bxc4 Qh5 33. f5 Qe8 34. Bd5 Ba5 35. Qd6 Qg8 36.
Bxg8 Kxg8 37. Qf8# 1-0

[Event "*** SCC Grand Prix: Titled Tuesday Blitz"]
[Site "Chess.com"]
[Date "2020.08.04"]
[Round "2"]
[White "Manukyan_Artak"]
[Black "fridaywins"]
[Result "1-0"]
[WhiteElo "2454"]
[BlackElo "2252"]
[TimeControl "180+1"]
[EndTime "14:02:37 PDT"]
[Termination "Manukyan_Artak won by resignation"]

1. e4 e5 2. Nf3 Nc6 3. d4 exd4 4. Nxd4 Nf6 5. Nxc6 bxc6 6. e5 Ne4 7. Bd3 Nc5 8.
O-O Nxd3 9. Qxd3 Be7 10. Nc3 O-O 11. Bf4 d5 12. exd6 cxd6 13. Rad1 d5 14. Na4 Qa5 15. Qb3 Ba6 16. Rfe1 Bc4 17. Qg3 Rfe8 18. b3 Bb5 19. Qc3 Bb4 20. Rxe8+ Rxe8 21. Qg3 Bxa4 22. bxa4 Bd6 23. h4 Bf8 24. Qb3 Re1+ 25. Rxe1 Qxe1+ 26. Kh2 Qxf2 27. Bg3 Qb6 28. Qd3 d4 29. c3 dxc3 30. Qxc3 h6 31. a5 Qb4 32. Qxc6 Qxa5 33. a4 h5 34. Qb5 Qxb5 35. axb5 Bc5 36. Be5 f6 37. Bc3 Kf7 38. Kh3 Ke6 39. g4 g6 40.
gxh5 gxh5 41. Kg3 f5 42. Kf4 Be7 43. Be1 Kf6 44. Bf2 Bd6+ 45. Kf3 Bb8 46. Bd4+ Ke6 47. b6 Kd5 48. bxa7 Bxa7 49. Bxa7 Ke5 50. Bb8+ Kf6 51. Kf4 Kg6 52. Be5 1-0

[Event "*** SCC Grand Prix: Titled Tuesday Blitz"]
[Site "Chess.com"]
[Date "2020.08.04"]
[Round "2"]
[White "BulletMercenary"]
[Black "Mazetovic"]
[Result "0-1"]
[WhiteElo "2156"]
[BlackElo "2699"]
[TimeControl "180+1"]
[EndTime "14:02:38 PDT"]
[Termination "Mazetovic won on time"]

1. e4 c5 2. a3 g6 3. d4 cxd4 4. Qxd4 Nf6 5. e5 Nc6 6. Qc3 Nd5 7. Qb3 Nb6 8. f4 d6 9. exd6 Qxd6 10. Qc3 Rg8 11. Bb5 Bg7 12. Bxc6+ bxc6 13. Qf3 Bf5 14. Ne2 Bxc2 15. O-O O-O-O 16. Nbc3 Kb7 17. Be3 Nc4 18. Rfc1 Qd3 19. Rxc2 Qxe3+ 20. Qxe3 Nxe3 21. Rcc1 Rd2 22. Kf2 Ng4+ 23. Kg3 f5 24. Rd1 Rgd8 25. Rxd2 Rxd2 26. h3 Nf6 27. Kf3 Nd5 28. Na4 Rd3+ 29. Kf2 Rd2 30. Rc1 Kc7 0-1

[Event "*** SCC Grand Prix: Titled Tuesday Blitz"]
[Site "Chess.com"]
[Date "2020.08.04"]
[Round "2"]
[White "1f3_2g41-0"]
[Black "LubovMarkelova"]
[Result "1-0"]
[WhiteElo "2443"]
[BlackElo "2233"]
[TimeControl "180+1"]
[EndTime "14:02:38 PDT"]
[Termination "1f3_2g41-0 won by resignation"]

1. e4 e5 2. Nf3 Nc6 3. Bb5 a6 4. Ba4 Nf6 5. O-O b5 6. Bb3 Bc5 7. c3 d6 8. d4 Bb6 9. Re1 O-O 10. Bg5 h6 11. Bh4 Bg4 12. h3 Bxf3 13. Qxf3 exd4 14.
Bxf6 Qxf6 15. Qxf6 gxf6 16. Bd5 Ne5 17. Bxa8 Rxa8 18.
Rd1 Nc4 19. b3 dxc3 20. Nxc3 Ne5 21. Nd5 Nd7 22. Nxb6 Nxb6 23. Rac1 Ra7 24. Rc6 Kf8 25. f4 Ke7 26. Kf2 Nd7 27. b4 Nb6 28. g4 Nc4 29.
Rd4 Kd7 30. Rc5 Ke7 31. Rh5 c6 32. Rxh6 a5 33. bxa5 Rxa5 34. g5 Rxa2+ 35. Kg3 Ra3+ 36. Kg4 Ne3+ 37. Kh4 Ng2+ 38. Kg4 Ne3+ 39. Kh5 fxg5 40. Kxg5 d5 41. exd5 cxd5 42. Rb6 Nc4 43. Rxb5 Rxh3 44. Rbxd5 Ne3 45. Re5+ Kf8 46. f5 Rh1 47. Rd8+ Kg7 48. f6+ Kh7 49. Rxe3 Rh5+ 50. Kg4 Rg5+ 51. Kf4 Rh5 52.
Ree8 Kg6 53. Rd6 1-0

[Event "*** SCC Grand Prix: Titled Tuesday Blitz"]
[Site "Chess.com"]
[Date "2020.08.04"]
[Round "2"]
[White "goldenpuppy"]
[Black "Mazanchenko_Dmitry"]
[Result "1-0"]
[WhiteElo "2414"]
[BlackElo "2121"]
[TimeControl "180+1"]
[EndTime "14:02:38 PDT"]
[Termination "goldenpuppy won by resignation"]

1. e4 c5 2. Nf3 d6 3. d4 Nf6 4. Nc3 cxd4 5. Nxd4 Nc6 6. Bg5 Qb6 7. Nb3 h6 8. Be3 Qc7 9. Be2 a6 10. O-O e6 11. f4 Be7 12. Bf3 O-O 13. g4 Rd8 14. g5 hxg5 15. fxg5 Nd7 16. g6 fxg6 17. Bg2 Nf6 18. Qf3 Ne5 19. Qg3 b5 20. Bd4 Bb7 21. Bxe5 dxe5 22. Qxg6 b4 23. Ne2 Qxc2 24. Ng3 Rac8 25.
Nh5 Nxh5 26. Qf7+ Kh8 27. Qxh5+ Kg8 28. Qf7+ Kh8 29. Qxe7 Qc7 30. Qg5 a5 31. Nxa5 Ba6 32.
Rf3 Kg8 33. Nb3 Qb6+ 34. Kh1 Rc2 35. Rg3 Rd7 36. Qxe5 Qf2 37. Qb8+ Rc8 38. Qe5 Rc2 39. Qxe6+ Rf7 40. Qxa6 Rxb2 41. Qc8+ Rf8 42. Qe6+ Rf7 43. Rf1 Qxf1+ 44. Bxf1 1-0

[Event "*** SCC Grand Prix: Titled Tuesday Blitz"]
[Site "Chess.com"]
[Date "2020.08.04"]
[Round "2"]
[White "MarcoRiehle"]
[Black "Nara_Kh"]
[Result "1-0"]
[WhiteElo "2725"]
[BlackElo "2327"]
[TimeControl "180+1"]
[EndTime "14:02:43 PDT"]
[Termination "MarcoRiehle won on time"]

1. e4 c5 2. a3 d6 3. b4 cxb4 4. axb4 Nf6 5. Nc3 e5 6. Bc4 Be7 7. f4 O-O 8. Nf3 Bg4 9. b5 Nbd7 10. O-O Rc8 11. Bb3 Rxc3 12. dxc3 Nxe4 13. Be3 exf4 14.
Bd4 Ndc5 15. Bd5 Bf6 16. Ra3 Re8 17. Qc1 g5 18. Qa1 Qb6 19. Qa2 Re7 20. Rxa7 Qxb5 21.
Ra8+ Kg7 22. Bxf6+ Nxf6 23. Qc4 Qxc4 24. Bxc4 Nce4 25.
h3 Bxf3 26. Rxf3 Nd2 27. Bd3 Nxf3+ 28. gxf3 h6 29. Kf2 Nd5 30. c4 Ne3 31. Rd8 1-0

[Event "*** SCC Grand Prix: Titled Tuesday Blitz"]
[Site "Chess.com"]
[Date "2020.08.04"]
[Round "2"]
[White "ChessSwole"]
[Black "GukeshDommaraju"]
[Result "1-0"]
[WhiteElo "2357"]
[BlackElo "2646"]
[TimeControl "180+1"]
[EndTime "14:02:44 PDT"]
[Termination "ChessSwole won by resignation"]

1. b3 e5 2. Bb2 d6 3. e3 Nd7 4.
Nf3 g6 5. d4 Bg7 6. Be2 Ngf6 7.
O-O e4 8. Nfd2 O-O 9. c4 Re8 10.
Nc3 Nf8 11. b4 h5 12. Nb3 h4 13. h3 N8h7 14. d5 Ng5 15. Nd4 Nd7 16. Qc2 Ne5 17. Nxe4 Nxe4 18. Qxe4 Nxc4 19. Qc2 Nxb2 20. Qxb2 Qg5 21.
Kh1 Qxd5 22. Bf3 Qg5 23. Rac1 c6 24. Qd2 Be5 25. b5 c5 26. Ne2 Be6 27. Bxb7 Rab8 28. Bc6 Qf5 29. f4 Bg7 30. e4 Qf6 31. Bxe8 Rxe8 32.
Qxd6 Qb2 33. Rfe1 Bxa2 34. Qxc5 Rxe4 35. Ng1 Rxf4 36. Rc2 Qb3 37. Rce2 Rf5 38. Qxa7 Bb1 39. b6 Rb5 40. Re3 Qb4 41. Re8+ Kh7 42. Qxf7 Rxb6 43.
R8e7 Qd4 44. R1e5 1-0

[Event "*** SCC Grand Prix: Titled Tuesday Blitz"]
[Site "Chess.com"]
[Date "2020.08.04"]
[Round "2"]
[White "QuintilianoR"]
[Black "hansen"]
[Result "0-1"]
[WhiteElo "2646"]
[BlackElo "2993"]
[TimeControl "180+1"]
[EndTime "14:02:46 PDT"]
[Termination "hansen won on time"]

1. Nf3 d5 2. e3 Nf6 3. c4 e6 4. Nc3 a6 5. d4 Nbd7 6. cxd5 exd5 7. Bd3 Bd6 8. O-O O-O 9. b3 Re8 10. Bb2 b6 11. Rc1 Bb7 12. Ne2 Ne4 13. Qc2 Qf6 14. Ne5 Qe7 15. Ng3 Ndf6 16. Qe2 Nxg3 17. hxg3 c5 18. Ng4 Ne4 19. dxc5 bxc5 20. Nh2 Qg5 21. Nf3 Qh6 22. Nh4 Bc8 23. Rfd1 Nxg3 24. fxg3 Bxg3 25. Nf3 Rxe3 26. Qd2 Bg4 27. Rf1 Bd6 28. Qf2 Rae8 29. Rcd1 Bxf3 30. gxf3 Bf4 31. Bf5 Rxf3 32. Qg2 Be3+ 0-1

[Event "*** SCC Grand Prix: Titled Tuesday Blitz"]
[Site "Chess.com"]
[Date "2020.08.04"]
[Round "2"]
[White "Vadim_Biliy"]
[Black "Stormeman100100"]
[Result "0-1"]
[WhiteElo "2242"]
[BlackElo "2447"]
[TimeControl "180+1"]
[EndTime "14:02:46 PDT"]
[Termination "Stormeman100100 won by checkmate"]

1. d4 Nf6 2. Nf3 d5 3. e3 g6 4. Be2 Bg7 5. O-O O-O 6. b4 a5 7.
b5 c5 8. a4 Nbd7 9. c3 Qc7 10.
Ba3 b6 11. Nbd2 e5 12. c4 e4 13. Ne1 Re8 14. Rc1 Bb7 15. cxd5 Nxd5 16. dxc5 Nxc5 17. Nb3 Nc3 18. Rxc3 Bxc3 19. Nxc5 bxc5 20. Qb3 Be5 21. g3 Rad8 22. Bc4 Rd2 23. Ng2 Red8 24. Nf4 Bxf4 25. gxf4 Bd5 26. Rc1 Bxc4 27. Qxc4 Rd1+ 28. Rxd1 Rxd1+ 29.
Kg2 Qd7 30. h3 Qd3 31. Qxc5 Qf1+ 32. Kg3 Qg1+ 33. Kh4 Qxf2+ 34. Kg5 h6+ 35. Kf6 Qh4+ 36. Ke5 Rd8 37. Kxe4 Re8+ 38. Kd3 Qxh3 39. Bb2 Qf1+ 40. Kc2 Qe2+ 41. Kb1 Qd1+ 42. Ka2 Qxa4+ 43. Kb1 Qe4+ 44. Ka1 Qxe3 45. Bd4 Qe1+ 46. Kb2 Re2+ 47. Kb3 Qb1+ 48. Ka3 Ra2# 0-1

[Event "*** SCC Grand Prix: Titled Tuesday Blitz"]
[Site "Chess.com"]
[Date "2020.08.04"]
[Round "2"]
[White "dretch"]
[Black "Lupul_Cenusiu"]
[Result "1-0"]
[WhiteElo "2810"]
[BlackElo "2512"]
[TimeControl "180+1"]
[EndTime "14:02:47 PDT"]
[Termination "dretch won by resignation"]

1. d4 Nf6 2. c4 c5 3. d5 e6 4. Nc3 d6 5. e4 Be7 6. Nf3 O-O 7.
Be2 a6 8. O-O exd5 9. exd5 Bf5 10. Nh4 Bc8 11. g3 Bh3 12. Re1 Nbd7 13. Bf4 Re8 14.
Qc2 g6 15. Rad1 Rb8 16. Qc1 Bf8 17. Ng2 Qa5 18. Bd2 Bxg2 19. Kxg2 Qc7 20. Qc2 Ne5 21. f4 Neg4 22. Bf3 Nh6 23. Ne4 Nxe4 24. Bxe4 Qd7 25. Bc3 b5 26. b3 bxc4 27. bxc4 Nf5 28. Bxf5 Qxf5 29. Qxf5 gxf5 30. Kf3 Rxe1 31. Rxe1 Bg7 32. Ba5 Bf6 33. Bc7 Rb4 34. Bxd6 Rxc4 35. Re8+ Kg7 36. Be5 Bxe5 37. fxe5 Rd4 38. d6 c4 39. Rc8 f6 40. e6 c3 41. e7 1-0

[Event "*** SCC Grand Prix: Titled Tuesday Blitz"]
[Site "Chess.com"]
[Date "2020.08.04"]
[Round "2"]
[White "StockholmMissile"]
[Black "j_coca"]
[Result "0-1"]
[WhiteElo "2464"]
[BlackElo "2312"]
[TimeControl "180+1"]
[EndTime "14:02:47 PDT"]
[Termination "j_coca won by resignation"]

1. d4 f5 2. g3 Nf6 3. Bg2 g6 4. Nh3 Bg7 5. O-O O-O 6. Nf4 d6 7. d5 c6 8. c4 Kh8 9. Nc3 a6 10. a4 Qe8 11. a5 g5 12. Nd3 h6 13. e4 fxe4 14. Nxe4 Nxe4 15. Bxe4 cxd5 16. cxd5 Nd7 17. Be3 Nf6 18. Bg2 Bg4 19. Qb3 Qd7 20.
Rfe1 Rac8 21. Bd4 Bh3 22. Bh1 Ng4 23. Bxg7+ Kxg7 24. Re2 Rf7 25. Rae1 Rc7 26. Qb4 Qf5 27.
Qd4+ Kg8 28. f3 Nf6 29. Nf2 g4 30. fxg4 Bxg4 31. Nxg4 Nxg4 32. Bg2 Ne5 33. Re4 Rc2 34. Rf4 Qg5 35. Rxf7 Kxf7 36. Qf4+ Qxf4 37. gxf4 Nd3 38. Rf1 Nxb2 39. Bh3 Kf6 40. Rb1 Rd2 41. Be6 h5 42.
h3 h4 43. Kf1 Nc4 44. Rxb7 Nxa5 45. Ra7 Nc4 46. Rxa6 Ne3+ 47. Kg1 Rg2+ 48. Kh1 Rf2 49. Ra8 Rxf4 50. Rf8+ Ke5 51. Rh8 Nf1 52. Rh5+ Ke4 53. Kg2 Ng3 54. Rxh4 Rxh4 55. Kxg3 Rh6 56. Kg4 Ke5 57.
h4 Rxe6 58. dxe6 Kxe6 59. Kg5 Kf7 60. Kf5 Kg7 61. Ke6 Kh6 62. Kxe7 d5 0-1

[Event "*** SCC Grand Prix: Titled Tuesday Blitz"]
[Site "Chess.com"]
[Date "2020.08.04"]
[Round "2"]
[White "KingCrusher275"]
[Black "Martins-BR"]
[Result "0-1"]
[WhiteElo "2410"]
[BlackElo "2213"]
[TimeControl "180+1"]
[EndTime "14:02:47 PDT"]
[Termination "Martins-BR won by resignation"]

1. d4 f5 2. c4 Nf6 3. Nf3 g6 4.
g3 Bg7 5. Bg2 O-O 6. O-O d6 7. Nc3 c6 8. b3 Na6 9. Bb2 Qc7 10. Re1 e5 11. dxe5 dxe5 12. e4 f4 13. a3 Nh5 14. Qc2 fxg3 15. hxg3 Bg4 16. Nh2 Be6 17.
Rad1 Rad8 18. Qe2 Qc8 19. Bf3 Nf6 20. Nf1 Bg4 21. Rxd8 Rxd8 22. b4 Rf8 23. Ne3 Bxf3 24. Qxf3 Nc7 25. Qe2 Ne6 26. Nc2 Nd4 27. Nxd4 exd4 28.
Nd1 Qh3 29. Qf1 Qh5 30. Qg2 Ng4 31. f3 Ne5 32. g4 Qh4 33. Rf1 Nxc4 34. Ba1 Rd8 35.
Qa2 b5 36. a4 Qg3+ 37. Kh1 Be5 38. axb5 cxb5 39. Qg2 Qh4+ 40. Kg1 g5 41. Rf2 Ne3 42.
Nxe3 dxe3 43. Rf1 Rd2 0-1

[Event "*** SCC Grand Prix: Titled Tuesday Blitz"]
[Site "Chess.com"]
[Date "2020.08.04"]
[Round "2"]
[White "TigrVShlyape"]
[Black "davidkalashian"]
[Result "0-1"]
[WhiteElo "2852"]
[BlackElo "2581"]
[TimeControl "180+1"]
[EndTime "14:02:48 PDT"]
[Termination "davidkalashian won on time"]

1. d4 Nf6 2. Nf3 e6 3. Bf4 b6 4. e3 Bb7 5. Nbd2 Be7 6. h3 O-O 7. a4 a6 8. Bd3 c5 9. O-O cxd4 10. exd4 d6 11. Bh2 Nbd7 12. Re1 Re8 13. a5 b5 14. c4 bxc4 15. Nxc4 Nf8 16. Nb6 Rb8 17. Nd2 Ng6 18. b4 Nd5 19. Nxd5 Bxd5 20. Rb1 Bf6 21. Bxa6 Bxd4 22.
Ne4 e5 23. Bf1 Ba8 24. Qd2 Nh4 25. b5 f5 26. Ng3 f4 27. Ne4 d5 28. Qa2 Kh8 29.
Nd2 Bc3 30. a6 Bd4 31. Nb3 Bb6 32. Rbc1 Qg5 33. Kh1 e4 34. Nc5 Rbc8 35. Nd7 Rxc1 36. Rxc1 f3 37. g3 Qxc1 38. Kg1 e3 0-1

[Event "*** SCC Grand Prix: Titled Tuesday Blitz"]
[Site "Chess.com"]
[Date "2020.08.04"]
[Round "2"]
[White "kingofthenil"]
[Black "xberli"]
[Result "0-1"]
[WhiteElo "2478"]
[BlackElo "2322"]
[TimeControl "180+1"]
[EndTime "14:02:48 PDT"]
[Termination "xberli won on time"]

1. e4 c5 2. d3 d6 3. g3 g6 4. Bg2 Bg7 5. f4 Nc6 6. Nf3 e6 7. O-O Nge7 8. c3 d5 9. Na3 O-O 10. e5 Rb8 11. d4 b5 12. Nc2 b4 13. cxb4 cxd4 14. a3 Ba6 15. Rf2 Nf5 16. Ncxd4 Nfxd4 17. Nxd4 Nxd4 18. Qxd4 f6 19. Qxa7 Ra8 20. Qd4 Qc7 21.
exf6 Bxf6 22. Qc5 Qxc5 23. bxc5 Bd4 24. b4 Bxa1 25. Ra2 Bd4+ 26. Kh1 Bc4 27. Rd2 Be3 28. Rd1 Bxc1 29. Rxc1 Rxa3 30. c6 Rb3 31. Bh3 Kf7 32.
Re1 Re8 33. c7 d4 34. Rc1 Bd5+ 35. Kg1 Rc3 36. Rxc3 dxc3 37. Bg2 c2 0-1

[Event "*** SCC Grand Prix: Titled Tuesday Blitz"]
[Site "Chess.com"]
[Date "2020.08.04"]
[Round "2"]
[White "Machidon"]
[Black "OK97"]
[Result "0-1"]
[WhiteElo "2510"]
[BlackElo "2800"]
[TimeControl "180+1"]
[EndTime "14:02:49 PDT"]
[Termination "OK97 won by resignation"]

1. d4 Nf6 2. Bf4 e6 3. e3 c5 4. c3 cxd4 5. exd4 b6 6. Bd3 Be7 7. Nf3 Ba6 8. Bxa6 Nxa6 9. O-O O-O 10. Nbd2 Nc7 11. Qe2 d6 12. a4 Qd7 13. h3 Ncd5 14. Bh2 a6 15. Rfe1 b5 16. axb5 axb5 17. Ng5 Rfc8 18. Nge4 Ne8 19. Qd3 h6 20. f4 Nb6 21.
Nf3 Qc6 22. g4 Bf8 23. Kg2 Nc4 24. Rxa8 Rxa8 25. Re2 Nc7 26. b3 Nb6 27. Ned2 Ra3 28. Bg3 Ncd5 29. c4 bxc4 30. Nxc4 Nb4 31. Qc3 d5 32.
Nfe5 Qc8 33. Qb2 Ra2 34. Nxb6 Rxb2 35. Nxc8 Rxe2+ 36. Kf3 Rb2 37. f5 Rxb3+ 38. Kg2 exf5 39. gxf5 Nd3 0-1

[Event "*** SCC Grand Prix: Titled Tuesday Blitz"]
[Site "Chess.com"]
[Date "2020.08.04"]
[Round "2"]
[White "amatatanav"]
[Black "KatarinaOstojic"]
[Result "1-0"]
[WhiteElo "2434"]
[BlackElo "2209"]
[TimeControl "180+1"]
[EndTime "14:02:49 PDT"]
[Termination "amatatanav won by resignation"]

1. e4 c5 2. Ne2 d6 3. g3 g6 4. Bg2 Bg7 5. c3 Nc6 6. d4 cxd4 7. cxd4 e5 8. d5 Nce7 9. O-O Nf6 10. Nbc3 O-O 11. h3 Ne8 12. Be3 f5 13. Qd2 fxe4 14. Nxe4 Nf5 15. Bg5 Qb6 16. g4 Nd4 17. Nxd4 exd4 18.
Rad1 d3 19. b3 Bd7 20. Rfe1 Nf6 21. Be3 Qa6 22. Ng5 Rae8 23. a4 h6 24. Ne6 Bxe6 25. dxe6 Rxe6 26. Qxd3 Qxd3 27. Rxd3 Kh7 28. Red1 Rd8 29.
Bxa7 Ne8 30. a5 Re7 31. b4 Be5 32. Bb6 Rc8 33. b5 Nf6 34. a6 bxa6 35. bxa6 d5 36. Bxd5 Nxd5 37. Rxd5 Rc6 38. a7 Re8 39. Rd8 Rc8 40.
Rxe8 Rxe8 41. Rd8 1-0

[Event "*** SCC Grand Prix: Titled Tuesday Blitz"]
[Site "Chess.com"]
[Date "2020.08.04"]
[Round "2"]
[White "bascheyaro"]
[Black "Mbneu"]
[Result "1-0"]
[WhiteElo "2710"]
[BlackElo "2252"]
[TimeControl "180+1"]
[EndTime "14:02:50 PDT"]
[Termination "bascheyaro won on time"]

1. d4 Nf6 2. Nc3 b6 3. e4 Bb7 4.
e5 Nd5 5. Nxd5 Bxd5 6. c4 Bb7 7. Nf3 e6 8. a3 Be7 9. Bd3 f5 10. exf6 Bxf6 11. O-O O-O 12. d5 exd5 13. cxd5 d6 14. Re1 Nd7 15. Bf5 Ne5 16. Be6+ Kh8 17. Nd4 c6 18. f4 cxd5 19. fxe5 dxe5 20. Nc2 Qd6 21. Bh3 d4 22. Ne3 e4 23. Nf5 Qe5 24. b3 e3 25. Bb2 Rad8 26. Nxe3 dxe3 27. Bxe5 Rxd1 28. Raxd1 Bxe5 29. Rxe3 Bb2 30. b4 h6 31. Be6 Ba6 32. h3 Rf6 33. Bg4 Kh7 34. Bf3 Bc4 35. Re4 b5 36.
Re8 Kg6 37. Rd7 1-0

[Event "*** SCC Grand Prix: Titled Tuesday Blitz"]
[Site "Chess.com"]
[Date "2020.08.04"]
[Round "2"]
[White "wild_cat99"]
[Black "BillCoe"]
[Result "0-1"]
[WhiteElo "2682"]
[BlackElo "2139"]
[TimeControl "180+1"]
[EndTime "14:02:51 PDT"]
[Termination "BillCoe won by resignation"]

1. Nf3 e6 2. e3 f5 3. c4 Nf6 4. b3 Be7 5. Bb2 O-O 6. d4 d6 7. Bd3 Qe8 8. Nbd2 Qh5 9. O-O b6 10. e4 Bb7 11. exf5 exf5 12. d5 Nbd7 13. Re1 Rae8 14. Nf1 f4 15. Qd2 Ng4 16. h3 Nge5 17. N1h2 Nxf3+ 18. Nxf3 g5 19. Nd4 Nc5 20. Bf5 Bf6 21.
Bg4 Qg6 22. Bf5 Qg7 23. b4 Na4 24. Ne6 Rxe6 25. Bxe6+ Kh8 26. Bxf6 Qxf6 27. Qc2 b5 28. cxb5 Nb6 29. Qxc7 Bxd5 30. Bxd5 Nxd5 31. Qxa7 f3 32. g3 Qh6 33. Kh2 g4 34. Qd4+ Qg7 35. Qxd5 Qh6 36. Qe6 Qxh3+ 0-1

[Event "*** SCC Grand Prix: Titled Tuesday Blitz"]
[Site "Chess.com"]
[Date "2020.08.04"]
[Round "2"]
[White "Euge_chess"]
[Black "Artem_Sadovsky"]
[Result "0-1"]
[WhiteElo "2033"]
[BlackElo "2395"]
[TimeControl "180+1"]
[EndTime "14:02:52 PDT"]
[Termination "Artem_Sadovsky won on time"]

1. e4 g6 2. d4 Bg7 3. c3 d6 4. Nf3 e5 5. dxe5 dxe5 6. Qxd8+ Kxd8 7. Bc4 f6 8. O-O Nd7 9. Be3 Bh6 10. Bxh6 Nxh6 11.
Rd1 Ke7 12. Na3 c6 13. Nc2 Nc5 14. Nd2 Na4 15. Rab1 Rd8 16. f3 a5 17. Bb3 Nc5 18. Nc4 Rxd1+ 19. Rxd1 a4 20. Nb6 axb3 21. Nxa8 bxc2 22.
Rc1 b5 23. Rxc2 Bb7 24. Nb6 Kd6 25. b4 Ne6 26. a4 Kc7 27. a5 Nf7 28. Rd2 Nd6 29.
g3 f5 30. exf5 gxf5 31. Re2 e4 32. f4 h5 33. Ra2 Ba6 34. h3 h4 35. Kg2 hxg3 36.
Kxg3 e3 37. Re2 Ne4+ 38. Kf3 Nxc3 39. Rxe3 Nd4+ 40. Kg3 Nce2+ 41. Kh4 Nxf4 42. Re7+ Kd6 43. Ra7 Nfe2 44. Rxa6 f4 0-1

[Event "*** SCC Grand Prix: Titled Tuesday Blitz"]
[Site "Chess.com"]
[Date "2020.08.04"]
[Round "2"]
[White "Fortitudine"]
[Black "Lucas_Tomiello"]
[Result "0-1"]
[WhiteElo "2252"]
[BlackElo "2457"]
[TimeControl "180+1"]
[EndTime "14:02:53 PDT"]
[Termination "Lucas_Tomiello won by resignation"]

1. d4 Nf6 2. Nc3 d5 3. Bg5 Nbd7 4. Nf3 g6 5. Qd2 Bg7 6. Bh6 O-O 7. Bxg7 Kxg7 8. e3 c5 9. Bd3 e6 10. O-O b6 11.
Rfe1 Bb7 12. e4 cxd4 13. Nxd4 e5 14. Nf3 d4 15. Nd5 Nxd5 16. exd5 f6 17. Bc4 Rc8 18.
Bb3 Nc5 19. c4 dxc3 20. bxc3 Qd6 21. c4 Nd7 22. Qb2 Rc7 23. Nd2 Nc5 24. Ne4 Nxe4 25. Rxe4 Rfc8 26. Rae1 Kg8 27. Kh1 Ba6 28. f4 Bxc4 29.
fxe5 fxe5 30. Rxe5 Bxb3 31. Qxb3 Qxe5 32. d6+ Kg7 0-1